FL
IDAHO FALLS OUTLAWS @ CRYSTAL BAY MAGIC
07/25/2098
 
TOP OF THE 1ST
Idaho Falls Outlaws batting - Pitching for Crystal Bay Magic : RHP Gerardo Mireles
Pitching: RHP Gerardo Mireles
Batting: RHB Xavier Nicholas 0-0: Foul Ball, location: 9LDF
0-1: Swinging Strike
0-2: Foul Ball, location: 3FF
0-2: Ball
1-2: Ball
2-2: Fly out, F8 (Flyball, 8LM, EV 91.3 MPH)
Batting: RHB Phil Stout 0-0: Ground out 4-3 (Groundball, 4M, EV 88.8 MPH)
Batting: LHB Ignacio Soto 0-0: Foul Ball, location: 3SF
0-1: Foul Ball, location: 2F
0-2: Ball
1-2: Ball
2-2: Ground out 6-3 (Groundball, 6M, EV 84.4 MPH)
Top of the 1st over - 0 runs, 0 hits, 0 errors, 0 left on base; Idaho Falls 0 - Crystal Bay 0
BOTTOM OF THE 1ST
Crystal Bay Magic batting - Pitching for Idaho Falls Outlaws : RHP Nate Reed
Pitching: RHP Nate Reed
Batting: RHB Dan Greenwood 0-0: Ball
1-0: Called Strike
1-1: Called Strike
1-2: Strikes out swinging
Batting: RHB Tony Árias 0-0: Foul Ball, location: 3FF
0-1: Ball
1-1: Foul Ball, location: 9LMF
1-2: Strikes out looking
Batting: SHB Orlando Rivera 0-0: Ball
1-0: Foul Ball, location: 2LF
1-1: Foul Ball, location: 23F
1-2: Foul Ball, location: 2F
1-2: Ball
2-2: Ball
3-2: Foul Ball, location: 2F
3-2: Base on Balls
Batting: RHB Jesús Gómez 0-0: Ball
1-0: Foul Ball, location: 25F
1-1: Ball
2-1: Fly out, F8 (Line Drive, 78M, EV 89.4 MPH)
Bottom of the 1st over - 0 runs, 0 hits, 0 errors, 1 left on base; Idaho Falls 0 - Crystal Bay 0
TOP OF THE 2ND
Idaho Falls Outlaws batting - Pitching for Crystal Bay Magic : RHP Gerardo Mireles
Batting: LHB Reggie Jones 0-0: Ball
1-0: Ball
2-0: Ball
3-0: Base on Balls
Batting: RHB Ray Brown 0-0: SINGLE (Groundball, 3, EV 88.8 MPH)
Reggie Jones to second
Batting: LHB Lawrence Joseph 0-0: Fly out, F9 (Flyball, 9, EV 98.8 MPH)
Batting: RHB Fraser Baker 0-0: Ball
1-0: Swinging Strike
1-1: Foul Ball, location: 2F
1-2: Ground out 4-3 (Groundball, 4MS, EV 73.8 MPH)
Reggie Jones to third
Ray Brown to second
Batting: RHB Kajetan Nucci 0-0: Called Strike
0-1: Called Strike
0-2: Ball
1-2: Fly out, F8 (Flyball, 8RD, EV 89.4 MPH)
Top of the 2nd over - 0 runs, 1 hit, 0 errors, 2 left on base; Idaho Falls 0 - Crystal Bay 0
BOTTOM OF THE 2ND
Crystal Bay Magic batting - Pitching for Idaho Falls Outlaws : RHP Nate Reed
Batting: RHB Enrique García 0-0: Ball
1-0: Ball
2-0: SOLO HOME RUN (Flyball, 9D, EV 101.9 MPH), Distance : 399 ft
Batting: LHB Thurman Small 0-0: Called Strike
0-1: Ball
1-1: Foul Ball, location: 9LSF
1-2: Ball
2-2: Ball
3-2: Base on Balls
Batting: RHB Gustavo Gonzáles 0-0: Called Strike
0-1: Foul Ball, location: 9LSFF
0-2: SINGLE (Groundball, 34D, EV 96.9 MPH)
Thurman Small to second
Runner from 2nd tries for 3rd, SAFE, throw by RF made to third
Batting: RHB Mike Cobb 0-0: Called Strike
0-1: Ball
1-1: Foul Ball, location: 2F
1-2: Grounds into double play, 6-4-3 (Groundball, 6, EV 103.1 MPH)
Thurman Small scores
Batting: RHB Rodney Howe 0-0: Ball
1-0: Ball
2-0: DOUBLE (Flyball, 8LD, EV 106.9 MPH)
Batting: RHB Dan Greenwood 0-0: Swinging Strike
0-1: Fly out, F8 (Line Drive, 8RD, EV 105.6 MPH)
Bottom of the 2nd over - 2 runs, 3 hits, 0 errors, 1 left on base; Idaho Falls 0 - Crystal Bay 2
TOP OF THE 3RD
Idaho Falls Outlaws batting - Pitching for Crystal Bay Magic : RHP Gerardo Mireles
Batting: RHB José García 0-0: Swinging Strike
0-1: Ground out 3-1 (Groundball, 34, EV 110.6 MPH)
Batting: RHB Xavier Nicholas 0-0: Foul Ball, location: 2F
0-1: Swinging Strike
0-2: Ball
1-2: Ball
2-2: Foul Ball, location: 23F
2-2: Ball
3-2: Ground out 6-3 (Groundball, 6, EV 100.6 MPH)
Batting: RHB Phil Stout 0-0: Ball
1-0: Ball
2-0: Ball
3-0: Base on Balls
Batting: LHB Ignacio Soto 0-0: Ball
Phil Stout steals 2nd base (no throw)
1-0: Foul Ball, location: 7LSF
1-1: Ball
2-1: Foul Ball, location: 25F
2-2: Foul Ball, location: 7LDF
2-2: Foul Ball, location: 23F
2-2: Foul Ball, location: 3FF
2-2: Foul Ball, location: 2F
2-2: Ball
3-2: Fly out, F9 (Flyball, 9S, EV 81.9 MPH)
Top of the 3rd over - 0 runs, 0 hits, 0 errors, 1 left on base; Idaho Falls 0 - Crystal Bay 2
BOTTOM OF THE 3RD
Crystal Bay Magic batting - Pitching for Idaho Falls Outlaws : RHP Nate Reed
Batting: RHB Tony Árias 0-0: Ground out 4-3 (Groundball, 4, EV 85.6 MPH)
Batting: SHB Orlando Rivera 0-0: Called Strike
0-1: Swinging Strike
0-2: Strikes out looking
Batting: RHB Jesús Gómez 0-0: Ball
1-0: Foul Ball, location: 7LSF
1-1: Foul Ball, location: 2F
1-2: Ball
2-2: Fly out, F8 (Flyball, 8RD, EV 88.1 MPH)
Bottom of the 3rd over - 0 runs, 0 hits, 0 errors, 0 left on base; Idaho Falls 0 - Crystal Bay 2
TOP OF THE 4TH
Idaho Falls Outlaws batting - Pitching for Crystal Bay Magic : RHP Gerardo Mireles
Batting: LHB Reggie Jones 0-0: Foul Ball, location: 25F
0-1: SINGLE (Groundball, 34, EV 106.9 MPH) (infield hit)
Batting: RHB Ray Brown 0-0: Ball
1-0: Ball
2-0: Fly out, F8 (Flyball, 8RM, EV 77.5 MPH)
Batting: LHB Lawrence Joseph 0-0: Ball
1-0: Called Strike
Reggie Jones steals 2nd base
1-1: Called Strike
1-2: Ball
2-2: Strikes out looking
Batting: RHB Fraser Baker 0-0: Foul Ball, location: 2F
0-1: Ball
1-1: Hit by Pitch
Batting: RHB Kajetan Nucci 0-0: Ball
1-0: Foul Ball, location: 9LMF
1-1: Foul Ball, location: 2F
1-2: Ball
2-2: Strikes out looking
Top of the 4th over - 0 runs, 1 hit, 0 errors, 2 left on base; Idaho Falls 0 - Crystal Bay 2
BOTTOM OF THE 4TH
Crystal Bay Magic batting - Pitching for Idaho Falls Outlaws : RHP Nate Reed
Batting: RHB Enrique García 0-0: Called Strike
0-1: Foul Ball, location: 3F
0-2: Ball
1-2: Ball
2-2: Ball
3-2: Base on Balls
Batting: LHB Thurman Small 0-0: Ball
1-0: SINGLE (Line Drive, 7S, EV 109.4 MPH)
Enrique García to second
Batting: RHB Gustavo Gonzáles 0-0: Ball
1-0: Called Strike
1-1: Ball
2-1: Foul Ball, location: 3F
2-2: Foul Ball, location: 2F
2-2: Grounds into double play, 4-6-3 (Groundball, 4, EV 83.1 MPH)
Enrique García to third
Batting: RHB Mike Cobb 0-0: Called Strike
0-1: Ball
1-1: Ground out 6-3 (Groundball, 6, EV 102.5 MPH)
Bottom of the 4th over - 0 runs, 1 hit, 0 errors, 1 left on base; Idaho Falls 0 - Crystal Bay 2
TOP OF THE 5TH
Idaho Falls Outlaws batting - Pitching for Crystal Bay Magic : RHP Gerardo Mireles
Batting: RHB José García 0-0: Ball
1-0: Ball
2-0: Foul Ball, location: 2F
2-1: Ball
3-1: Base on Balls
Pitching: RHP Reginald McGrath
Batting: RHB Xavier Nicholas 0-0: Called Strike
0-1: Called Strike
0-2: Ball
1-2: Strikes out swinging
Batting: RHB Phil Stout 0-0: Swinging Strike
José García is caught stealing 2nd base 2-4
0-1: Ball
1-1: Ball
2-1: Foul Ball, location: 25F
2-2: Fly out, F8 (Flyball, 8RD, EV 104.4 MPH)
Top of the 5th over - 0 runs, 0 hits, 0 errors, 0 left on base; Idaho Falls 0 - Crystal Bay 2
BOTTOM OF THE 5TH
Crystal Bay Magic batting - Pitching for Idaho Falls Outlaws : RHP Nate Reed
Batting: RHB Rodney Howe 0-0: Ball
1-0: Foul Ball, location: 7LDF
1-1: Ball
2-1: Ground out 6-3 (Groundball, 6MS, EV 83.8 MPH)
Batting: RHB Dan Greenwood 0-0: Ball
1-0: Swinging Strike
1-1: Foul Ball, location: 2F
1-2: Strikes out swinging
Batting: RHB Tony Árias 0-0: Foul Ball, location: 23F
0-1: Swinging Strike
0-2: Ball
1-2: Foul Ball, location: 3F
1-2: Foul Ball, location: 2F
1-2: Ball
2-2: Ground out 5-3 (Groundball, 5L, EV 104.4 MPH)
Bottom of the 5th over - 0 runs, 0 hits, 0 errors, 0 left on base; Idaho Falls 0 - Crystal Bay 2
TOP OF THE 6TH
Idaho Falls Outlaws batting - Pitching for Crystal Bay Magic : RHP Reginald McGrath
Batting: LHB Ignacio Soto 0-0: Ball
1-0: Swinging Strike
1-1: Swinging Strike
1-2: Strikes out looking
Batting: LHB Reggie Jones 0-0: Ball
1-0: Called Strike
1-1: Fly out, F6 (Popup, 6, EV 53.1 MPH)
Batting: RHB Ray Brown 0-0: Ball
1-0: Ball
2-0: Foul Ball, location: 25F
2-1: Ground out 3-1 (Groundball, 34S, EV 90.0 MPH)
Top of the 6th over - 0 runs, 0 hits, 0 errors, 0 left on base; Idaho Falls 0 - Crystal Bay 2
BOTTOM OF THE 6TH
Crystal Bay Magic batting - Pitching for Idaho Falls Outlaws : RHP Nate Reed
Batting: SHB Orlando Rivera 0-0: Ball
1-0: Ball
2-0: Fly out, F7 (Flyball, 7S, EV 77.5 MPH)
Batting: RHB Jesús Gómez 0-0: Ball
1-0: Foul Ball, location: 2F
1-1: Hit by Pitch
Batting: RHB Enrique García 0-0: Ball
1-0: Ball
2-0: Foul Ball, location: 2F
2-1: Ball
3-1: Foul Ball, location: 2F
3-2: Grounds into double play, 5-4-3 (Groundball, 5, EV 108.8 MPH)
Bottom of the 6th over - 0 runs, 0 hits, 0 errors, 0 left on base; Idaho Falls 0 - Crystal Bay 2
TOP OF THE 7TH
Idaho Falls Outlaws batting - Pitching for Crystal Bay Magic : RHP Reginald McGrath
Batting: LHB Lawrence Joseph 0-0: Ball
1-0: Ball
2-0: Fly out, F7 (Flyball, 7LS, EV 93.8 MPH)
Batting: RHB Fraser Baker 0-0: Ball
1-0: Swinging Strike
1-1: Ball
2-1: Swinging Strike
2-2: Foul Ball, location: 2F
2-2: Foul Ball, location: 7LDF
2-2: Fly out, F7 (Flyball, 78M, EV 78.1 MPH)
Batting: RHB Kajetan Nucci 0-0: Swinging Strike
0-1: Foul Ball, location: 2F
0-2: Ball
1-2: Strikes out looking
Top of the 7th over - 0 runs, 0 hits, 0 errors, 0 left on base; Idaho Falls 0 - Crystal Bay 2
BOTTOM OF THE 7TH
Crystal Bay Magic batting - Pitching for Idaho Falls Outlaws : RHP Nate Reed
Batting: LHB Thurman Small 0-0: Ball
1-0: Called Strike
1-1: Called Strike
1-2: Strikes out swinging
Batting: RHB Gustavo Gonzáles 0-0: Ball
1-0: Ground out 5-3 (Groundball, 15, EV 83.1 MPH)
Batting: RHB Mike Cobb 0-0: Ball
1-0: Fly out, F8 (Flyball, 8RM, EV 78.8 MPH)
Bottom of the 7th over - 0 runs, 0 hits, 0 errors, 0 left on base; Idaho Falls 0 - Crystal Bay 2
TOP OF THE 8TH
Idaho Falls Outlaws batting - Pitching for Crystal Bay Magic : RHP Reginald McGrath
Batting: RHB José García 0-0: Fly out, F8 (Line Drive, 8RS, EV 90.6 MPH)
Pinch Hitting: LHB Kevin Ward 0-0: Ball
1-0: Ball
2-0: Ball
3-0: Foul Ball, location: 2F
3-1: SINGLE (Groundball, 4MD, EV 95.6 MPH)
Batting: RHB Phil Stout 0-0: SINGLE (Line Drive, 7S, EV 85.6 MPH)
Kevin Ward to second
Pitching: LHP Michael Denton
Pinch Hitting: RHB Donnie Smith 0-0: Called Strike
0-1: Ball
1-1: Swinging Strike
1-2: Foul Ball, location: 9LDF
1-2: Strikes out swinging
Pinch Hitting: RHB Ernesto Hernández 0-0: Ball
1-0: TRIPLE (Flyball, 89XD, EV 100.6 MPH)
Kevin Ward scores
Phil Stout scores
Batting: RHB Ray Brown 0-0: Ball
1-0: SINGLE (Flyball, 8RS, EV 96.3 MPH)
Ernesto Hernández scores
Pinch Hitting: RHB Raúl Rezendes 0-0: Called Strike
0-1: Foul Ball, location: 2F
0-2: Ball
1-2: Foul Ball, location: 23F
1-2: Foul Ball, location: 5FF
1-2: Strikes out swinging
Top of the 8th over - 3 runs, 4 hits, 0 errors, 1 left on base; Idaho Falls 3 - Crystal Bay 2
BOTTOM OF THE 8TH
Crystal Bay Magic batting - Pitching for Idaho Falls Outlaws : RHP Nate Reed
Now at 1B: Robbie Hansford
Now at 2B: Kajetan Nucci
Now at SS: Roy Prat
Now in LF: Donnie Smith
Now in CF: Jerry Peterson
Batting: RHB Rodney Howe 0-0: Ball
1-0: Ball
2-0: Ground out 1-3 (Groundball, 15S, EV 70.6 MPH)
Pitching: RHP Lorenzo Núñez
Batting: RHB Dan Greenwood 0-0: Called Strike
0-1: Called Strike
0-2: Foul Ball, location: 2F
0-2: Ball
1-2: SOLO HOME RUN (Flyball, 7D, EV 98.1 MPH), Distance : 391 ft
Pinch Hitting: LHB Mike Bond 0-0: Called Strike
0-1: Ball
1-1: Foul Ball, location: 7LDF
1-2: Foul Ball, location: 2F
1-2: Ball
2-2: Foul Ball, location: 2F
2-2: Fly out, F8 (Flyball, 8LM, EV 93.8 MPH)
Batting: SHB Orlando Rivera 0-0: Ball
1-0: SINGLE (Flyball, 4D, EV 83.8 MPH)
Batting: RHB Jesús Gómez 0-0: Called Strike
0-1: Called Strike
0-2: Foul Ball, location: 25F
0-2: Foul Ball, location: 9LDF
0-2: Fly out, F9 (Line Drive, 9, EV 95.0 MPH)
Bottom of the 8th over - 1 run, 2 hits, 0 errors, 1 left on base; Idaho Falls 3 - Crystal Bay 3
TOP OF THE 9TH
Idaho Falls Outlaws batting - Pitching for Crystal Bay Magic : LHP Michael Denton
Now at 2B: Dan Greenwood
Now in LF: Mike Bond
Batting: RHB Fraser Baker 0-0: Ball
1-0: Foul Ball, location: 7LMF
1-1: Ball
2-1: Ground out 6-3 (Groundball, 6, EV 86.9 MPH)
Batting: RHB Kajetan Nucci 0-0: Called Strike
0-1: Ball
1-1: Fly out, F9 (Flyball, 9D, EV 93.1 MPH)
Batting: RHB José García 0-0: Fly out, F9 (Flyball, 9, EV 88.8 MPH)
Top of the 9th over - 0 runs, 0 hits, 0 errors, 0 left on base; Idaho Falls 3 - Crystal Bay 3
BOTTOM OF THE 9TH
Crystal Bay Magic batting - Pitching for Idaho Falls Outlaws : RHP Lorenzo Núñez
Batting: RHB Enrique García 0-0: Foul Ball, location: 23F
0-1: Ball
1-1: Foul Ball, location: 3SF
1-2: Fly out, F9 (Flyball, 9LSF, EV 85.6 MPH)
Batting: LHB Thurman Small 0-0: Ball
1-0: Swinging Strike
1-1: Ball
2-1: Foul Ball, location: 23F
2-2: Foul Ball, location: 2F
2-2: Fly out, F7 (Flyball, 7LM, EV 93.1 MPH)
Batting: RHB Gustavo Gonzáles 0-0: Ball
1-0: Ball
2-0: Ball
3-0: Called Strike
3-1: Base on Balls
Pitching: LHP Jim Lofmark
Batting: RHB Mike Cobb 0-0: Ball
1-0: Fly out, F8 (Flyball, 8RXD, EV 96.3 MPH)
Bottom of the 9th over - 0 runs, 0 hits, 0 errors, 1 left on base; Idaho Falls 3 - Crystal Bay 3
TOP OF THE 10TH
Idaho Falls Outlaws batting - Pitching for Crystal Bay Magic : LHP Michael Denton
Pitching: RHP Júlio Rodríguez
Batting: LHB Robbie Hansford 0-0: Ball
1-0: Called Strike
1-1: Ground out U3 (Groundball, 3, EV 106.9 MPH)
Pinch Hitting: LHB Joel La Caze 0-0: Ball
1-0: Called Strike
1-1: Ball
2-1: Foul Ball, location: 2F
2-2: Fly out, F9 (Line Drive, 9D, EV 88.8 MPH)
Now in RF: Phil Davis
Pinch Hitting: LHB Ed Jackson 0-0: Called Strike
0-1: Ground out 5-3 (Groundball, 56, EV 83.8 MPH)
Top of the 10th over - 0 runs, 0 hits, 0 errors, 0 left on base; Idaho Falls 3 - Crystal Bay 3
BOTTOM OF THE 10TH
Crystal Bay Magic batting - Pitching for Idaho Falls Outlaws : LHP Jim Lofmark
Now at 3B: Aaron Murray
Now in LF: Ed Jackson
Batting: RHB Rodney Howe 0-0: Called Strike
0-1: Foul Ball, location: 9LDF
0-2: Ball
1-2: Strikes out swinging, 2-3 out at first.
Batting: RHB Dan Greenwood 0-0: Called Strike
0-1: Foul Ball, location: 3SF
0-2: Ball
1-2: SINGLE (Line Drive, 89S, EV 97.5 MPH)
Pinch Hitting: RHB Michael Powers 0-0: Ball
1-0: SINGLE (Groundball, 34, EV 70.0 MPH) (infield hit)
Dan Greenwood to second
Pinch Hitting: RHB Rob Logan 0-0: Called Strike
0-1: Foul Ball, location: 5F
0-2: Ball
1-2: Strikes out swinging
Batting: RHB Jesús Gómez 0-0: Ball
1-0: Called Strike
1-1: Swinging Strike
1-2: Strikes out swinging
Bottom of the 10th over - 0 runs, 2 hits, 0 errors, 2 left on base; Idaho Falls 3 - Crystal Bay 3
TOP OF THE 11TH
Idaho Falls Outlaws batting - Pitching for Crystal Bay Magic : RHP Júlio Rodríguez
Now at 2B: Mike Cobb
Now at SS: Rob Logan
Now in LF: Dan Greenwood
Now in CF: Michael Powers
Now in RF: Thurman Small
Batting: SHB Roy Prat 0-0: Called Strike
0-1: Called Strike
0-2: Strikes out swinging
Batting: RHB Ray Brown 0-0: Ball
1-0: Foul Ball, location: 9LSF
1-1: Foul Ball, location: 2F
1-2: Ball
2-2: Foul Ball, location: 2F
2-2: SINGLE (Groundball, 34D, EV 105.6 MPH)
Batting: RHB Jerry Peterson 0-0: Called Strike
0-1: Swinging Strike
0-2: Fly out, F3 (Line Drive, 3, EV 62.5 MPH)
Lined into DP, U3 (Line Drive, 3, EV 62.5 MPH)
Top of the 11th over - 0 runs, 1 hit, 0 errors, 0 left on base; Idaho Falls 3 - Crystal Bay 3
BOTTOM OF THE 11TH
Crystal Bay Magic batting - Pitching for Idaho Falls Outlaws : LHP Jim Lofmark
Batting: RHB Enrique García 0-0: Called Strike
0-1: Foul Ball, location: 9LMF
0-2: Ball
1-2: Strikes out swinging
Pinch Hitting: RHB Javier Valdéz 0-0: Foul Ball, location: 2F
0-1: Swinging Strike
0-2: Strikes out swinging
Batting: RHB Gustavo Gonzáles 0-0: Ground out 3-1 (Groundball, 34, EV 86.3 MPH)
Bottom of the 11th over - 0 runs, 0 hits, 0 errors, 0 left on base; Idaho Falls 3 - Crystal Bay 3
TOP OF THE 12TH
Idaho Falls Outlaws batting - Pitching for Crystal Bay Magic : RHP Júlio Rodríguez
Now in RF: Francisco Estrada
Pinch Hitting: LHB Júlio Franco 0-0: Called Strike
0-1: Ground out 6-3 (Groundball, 56, EV 81.9 MPH)
Batting: RHB Kajetan Nucci 0-0: Called Strike
0-1: Ball
1-1: SINGLE (Line Drive, 7S, EV 103.8 MPH)
Pinch Hitting: LHB Sergio Hernández 0-0: Called Strike
0-1: Called Strike
0-2: Strikes out swinging
Batting: LHB Robbie Hansford 0-0: Fielders Choice at 2nd, 5-4 (Groundball, 56, EV 104.4 MPH)
Top of the 12th over - 0 runs, 1 hit, 0 errors, 1 left on base; Idaho Falls 3 - Crystal Bay 3
BOTTOM OF THE 12TH
Crystal Bay Magic batting - Pitching for Idaho Falls Outlaws : LHP Jim Lofmark
Now at C: Leonardo Pérez
Now in LF: Sergio Hernández
Now in RF: Ed Jackson
Batting: RHB Mike Cobb 0-0: Ground out 4-3 (Groundball, 4, EV 108.1 MPH)
Batting: RHB Rodney Howe 0-0: Reached on error, E6 (Groundball, 6, EV 106.9 MPH)
Batting: RHB Dan Greenwood 0-0: Called Strike
0-1: Swinging Strike
0-2: Foul Ball, location: 2F
0-2: Strikes out looking
Batting: RHB Michael Powers 0-0: Ball
1-0: Ball
2-0: SINGLE (Line Drive, 78S, EV 96.3 MPH)
Rodney Howe to second
Batting: RHB Rob Logan 0-0: Ball
1-0: Ball
2-0: Called Strike
2-1: Ball
3-1: Swinging Strike
3-2: Foul Ball, location: 2F
3-2: Foul Ball, location: 2F
3-2: Foul Ball, location: 9LDF
3-2: Ground out 6-3 (Groundball, 6M, EV 78.1 MPH)
Bottom of the 12th over - 0 runs, 1 hit, 1 error, 2 left on base; Idaho Falls 3 - Crystal Bay 3
TOP OF THE 13TH
Idaho Falls Outlaws batting - Pitching for Crystal Bay Magic : RHP Júlio Rodríguez
Batting: LHB Aaron Murray 0-0: Ball
1-0: Foul Ball, location: 2F
1-1: Ball
2-1: TRIPLE (Line Drive, 89XD, EV 98.8 MPH)
Batting: LHB Ed Jackson 0-0: Intentional Walk
Batting: SHB Roy Prat 0-0: Ball
1-0: Ball
2-0: Fly out, F8 (Flyball, 8RM, EV 99.4 MPH)
Runner from 3rd tags up, SCORES, no throw by CF
Batting: RHB Ray Brown 0-0: Foul Ball, location: 5F
0-1: Ball
1-1: Foul Ball, location: 9LSF
1-2: Fly out, F8 (Flyball, 78D, EV 102.5 MPH)
Batting: RHB Jerry Peterson 0-0: Ball
1-0: Ball
2-0: Called Strike
2-1: Ball
Ed Jackson steals 2nd base
3-1: Base on Balls
Pitching: RHP Máximo Díaz
Batting: RHB Leonardo Pérez 0-0: Fly out, F3 (Line Drive, 3L, EV 67.5 MPH)
Top of the 13th over - 1 run, 1 hit, 0 errors, 2 left on base; Idaho Falls 4 - Crystal Bay 3
BOTTOM OF THE 13TH
Crystal Bay Magic batting - Pitching for Idaho Falls Outlaws : LHP Jim Lofmark
Batting: RHB Jesús Gómez 0-0: Ball
1-0: Swinging Strike
1-1: Ball
2-1: SINGLE (Line Drive, 78D, EV 106.3 MPH)
Batting: RHB Enrique García 0-0: Fly out, F9 (Flyball, 9S, EV 98.8 MPH)
Pinch Hitting: RHB José Burgos 0-0: Ball
1-0: Called Strike
1-1: Ball
2-1: DOUBLE (Line Drive, 89D, EV 104.4 MPH)
Jesús Gómez to third
Runner from 3rd tries for Home, SAFE, throw by RF to trailing runner, OUT at third! 9-3-5
Batting: RHB Gustavo Gonzáles 0-0: Foul Ball, location: 3F
0-1: Ground out U3 (Groundball, 3S, EV 82.5 MPH)
Bottom of the 13th over - 1 run, 2 hits, 0 errors, 0 left on base; Idaho Falls 4 - Crystal Bay 4
TOP OF THE 14TH
Idaho Falls Outlaws batting - Pitching for Crystal Bay Magic : RHP Máximo Díaz
Pitching: RHP Dale Murphy
Now at 2B: Rob Logan
Now at SS: José Burgos
Now in RF: Mike Cobb
Batting: RHB Kajetan Nucci 0-0: Ball
1-0: Ball
2-0: Called Strike
2-1: Swinging Strike
2-2: Ball
3-2: SINGLE (Groundball, 56S, EV 67.5 MPH) (infield hit)
Batting: LHB Sergio Hernández 0-0: Ball
1-0: Bunted foul
1-1: Sac Bunt to 3S - play at first, batter OUT! 3-1
Kajetan Nucci to second
Batting: LHB Robbie Hansford 0-0: Intentional Walk
Batting: LHB Aaron Murray 0-0: Called Strike
0-1: Ball
1-1: Ball
2-1: Foul Ball, location: 9LMF
2-2: Strikes out swinging
Batting: LHB Ed Jackson 0-0: Fielders Choice at 2nd, U6 (Groundball, 6M, EV 83.1 MPH)
Top of the 14th over - 0 runs, 1 hit, 0 errors, 2 left on base; Idaho Falls 4 - Crystal Bay 4
BOTTOM OF THE 14TH
Crystal Bay Magic batting - Pitching for Idaho Falls Outlaws : LHP Jim Lofmark
Batting: RHB Mike Cobb 0-0: Foul Ball, location: 9LSFF
0-1: Ball
1-1: Ball
2-1: Ball
3-1: Base on Balls
Pitching: RHP David Alarcon
Batting: RHB Rodney Howe 0-0: SINGLE (Groundball, 3D, EV 98.1 MPH)
Mike Cobb to second
Runner from 2nd tries for 3rd, OUT! 9-5
Batting: RHB Dan Greenwood 0-0: Fly out, F8 (Flyball, 8RXD, EV 106.9 MPH)
Batting: RHB Michael Powers 0-0: Ball
1-0: Called Strike
1-1: Ball
2-1: Ball
3-1: Foul Ball, location: 2F
3-2: Fly out, F8 (Flyball, 8LD, EV 101.3 MPH)
Bottom of the 14th over - 0 runs, 1 hit, 0 errors, 1 left on base; Idaho Falls 4 - Crystal Bay 4
TOP OF THE 15TH
Idaho Falls Outlaws batting - Pitching for Crystal Bay Magic : RHP Dale Murphy
Batting: SHB Roy Prat 0-0: Ball
1-0: Ball
2-0: Foul Ball, location: 7LMFF
2-1: Foul Ball, location: 2F
2-2: Ball
3-2: Strikes out swinging
Batting: RHB Ray Brown 0-0: Foul Ball, location: 7LSF
0-1: Ball
1-1: Called Strike
1-2: Ball
2-2: Foul Ball, location: 2F
2-2: Ball
3-2: SINGLE (Groundball, P, EV 78.1 MPH) (infield hit)
Batting: RHB Jerry Peterson 0-0: Called Strike
0-1: Ball
1-1: Ball
2-1: Fly out, F7 (Flyball, 7, EV 92.5 MPH)
Batting: RHB Leonardo Pérez 0-0: Ball
1-0: Called Strike
Ray Brown steals 2nd base
1-1: Foul Ball, location: 5SF
1-2: Ball
2-2: Strikes out swinging
Top of the 15th over - 0 runs, 1 hit, 0 errors, 1 left on base; Idaho Falls 4 - Crystal Bay 4
BOTTOM OF THE 15TH
Crystal Bay Magic batting - Pitching for Idaho Falls Outlaws : RHP David Alarcon
Batting: RHB Rob Logan 0-0: Ball
1-0: Called Strike
1-1: Called Strike
1-2: TRIPLE (Line Drive, 8LXD, EV 101.9 MPH)
Batting: RHB Jesús Gómez 0-0: Swinging Strike
0-1: Ball
1-1: Ball
2-1: Ball
3-1: Called Strike
3-2: Strikes out swinging
Batting: RHB Enrique García 0-0: Intentional Walk
Batting: RHB José Burgos 0-0: Ball
1-0: Ball
2-0: Fly out, F7 (Flyball, 7D, EV 106.9 MPH)
Runner from 3rd tags up, SCORES, throw by LF
Bottom of the 15th over - 1 run, 1 hit, 0 errors, 1 left on base; Idaho Falls 4 - Crystal Bay 5
Saturday, May 11th , 2024 - OOTP Baseball 24.6 Build 69